 Dungeon Crawl Stone Soup version 0.23.2 (webtiles) character file.

Game seed: 88632798622225841

163 Lusmu the Chiller (level 5, -1/35 HPs)
             Began as a Merfolk Ice Elementalist on Apr 7, 2019.
             Slain by a gnoll
             ... wielding a +0 club
              (8 damage)
             ... on level 2 of the Dungeon.
             The game lasted 00:13:38 (3959 turns).

Lusmu the Chiller (Merfolk Ice Elementalist)        Turns: 3959, Time: 00:13:39

Health: -1/35      AC:  8    Str:  9    XL:     5   Next: 44%
Magic:  6/9        EV: 13    Int: 14    God:
Gold:   189        SH:  0    Dex: 15    Spells: 2/10 levels left

rFire    . . .     SeeInvis .   n - +0 dagger (venom)
rCold    . . .     Gourm    .   (no shield)
rNeg     . . .     Faith    .   a - +0 robe
rPois    .         Spirit   .   g - +0 helmet
rElec    .         Reflect  .   (no cloak)
rCorr    .         Harm     .   b - -1 pair of gloves (curse)
MR       .....                  (no boots)
Stlth    +++.......             (no amulet)
HPRegen  0.11/turn              (no ring)
MPRegen  0.11/turn              (no ring)

@: icy armour
A: change form in water, swift swim, stealthy swim
a: no special abilities


You were on level 2 of the Dungeon.
You were hungry.

You visited 1 branch of the dungeon, and saw 3 of its levels.

You collected 189 gold pieces.

Inventory:

Hand Weapons
 e - a +0 rapier
 k - a +0 blowgun
 n - a +0 dagger of venom (weapon)
Missiles
 o - 5 curare-tipped needles
Armour
 a - a +0 robe (worn)
 b - a cursed -1 pair of gloves (worn)
 g - a +0 helmet (worn)
Scrolls
 h - a scroll of noise {unknown}
 l - a scroll of magic mapping {unknown}
 p - a scroll of identify
Potions
 d - a potion of curing
 i - a potion of lignification
 j - a potion of might
 m - a potion of magic
Comestibles
 c - 6 rations
 f - 4 chunks of flesh


   Skills:
 - Level 2.6 Dodging
 + Level 4.0 Stealth
 + Level 3.2 Spellcasting
   Level 0.7 Conjurations
 + Level 0.7 Charms
 + Level 0.6 Summonings
 + Level 4.5 Ice Magic


You had 2 spell levels left.
You knew the following spells:

 Your Spells              Type           Power        Failure   Level  Hunger
a - Freeze                Ice            ##..         3%          1    #......
b - Ozocubu's Armour      Chrm/Ice       #.......     22%         3    ###....
c - Summon Ice Beast      Ice/Summ       #.......     58%         4    #####..

Your spell library contained the following spells:

 Spells                   Type           Power        Failure   Level  Hunger
 Throw Frost              Conj/Ice       #.....       11%         2    ##.....
 Throw Icicle             Conj/Ice       #.......     56%         4    #####..


Dungeon Overview and Level Annotations

Branches:
Dungeon (3/15)

Altars:
Fedhas
Trog
Wu Jian
Yredelemnul


Message History

The gnoll is severely wounded.
You kill the gnoll!
The gnoll hits you with a +0 club.
* * * LOW HITPOINT WARNING * * *
Casting: Freeze (safe; 3% risk of failure)
Confirm with . or Enter, or press ? or * to list all spells.
Okay, then.
Casting: Freeze (safe; 3% risk of failure)
Confirm with . or Enter, or press ? or * to list all spells.
A film of ice covers your body!
You are feeling hungry.
The gnoll completely misses you.
You hit the gnoll but do no damage. The gnoll barely misses you.
You hit the gnoll.
The gnoll is poisoned.
The gnoll is moderately wounded.
The gnoll misses you.
You barely miss the gnoll.
The gnoll is moderately wounded.
The gnoll hits you with a +0 club!
You die...

#.# #......####...##### #.#
#.####.# #...##### #####.#
#.# #.####.#..รท... #.....#
#.# #........#####
#.#########.# ##..###.######
#.# #......# #..##.......#
#.# #.###### #.......###.#
#.####.##########..##...# #..
#.##........@g..........###.#
#...........#####..###......#
####.#.####.## #..###.####.#
#.#.# #...####...##.# #.#
######.#.# #.#).......##.#
#.. #......#.#
#...####.#.##.# #.#
#.######.# ##### #.#.##.# #.#
#.# #.###### #.#.##.# #.# #.#
#......# #.#.##.####.#


You could see a gnoll.

Vanquished Creatures
  6 adders
  A gnoll (D:2)
  An ooze (D:2)
  2 worms (D:2)
  4 dart slugs
  A leopard gecko (D:1)
  11 orcs (D:3)
  A bat (D:2)
  4 giant cockroaches (D:2)
  8 goblins
  7 hobgoblins
  7 jackals
  3 kobolds
  A quokka (D:2)
  A ball python (D:1)
  5 frilled lizards (D:2)
  3 rats (D:2)
66 creatures vanquished.

Notes
Turn   | Place    | Note
-------+----------+-------------------------------------------
     0 | D:1      | Lusmu the Merfolk Ice Elementalist began the quest for the
                  | Orb.
     0 | D:1      | Reached XP level 1. HP: 13/13 MP: 3/3
   338 | D:1      | Reached XP level 2. HP: 19/19 MP: 5/5
   526 | D:1      | Found a basalt altar of Yredelemnul.
  1477 | D:2      | Reached XP level 3. HP: 20/24 MP: 1/6
  1839 | D:2      | Found a blossoming altar of Fedhas.
  2098 | D:2      | Reached XP level 4. HP: 27/30 MP: 2/8
  3041 | D:2      | Found a bloodstained altar of Trog.
  3162 | D:3      | Learned a level 3 spell: Ozocubu's Armour
  3167 | D:3      | Learned a level 4 spell: Summon Ice Beast
  3370 | D:3      | Reached XP level 5. HP: 29/35 MP: 9/9
  3785 | D:3      | Found an ornate altar of the Wu Jian Council.
  3959 | D:2      | Slain by a gnoll

Skill      XL: |  1  2  3  4  5 |
---------------+----------------+-----
Stealth        | 3 4 |  4.0
Ice Magic      | 4 |  4.5
Spellcasting   | 3 |  3.2
Dodging        | |  2.6
Conjurations   | |  0.7
Charms         | |  0.7
Summonings     | |  0.6

Action                   |  1- 3 |  4- 6 || total
-------------------------+-------+-------++-------
Melee: Unarmed           |     8 |       ||     8
       Dagger            |    75 |   130 ||   205
 Cast: Freeze            |    30 |    40 ||    70
       Ozocubu's Armour  |       |     1 ||     1
  Use: Scroll            |     3 |     2 ||     5
 Stab: Sleeping          |     5 |     4 ||     9
       Distracted        |       |     1 ||     1
  Eat: Chunk             |     4 |     6 ||    10
Armor: Robe              |    33 |    15 ||    48
Dodge: Dodged            |    94 |   102 ||   196
